 Dungeon Crawl Stone Soup version 0.26-a0-58-g79b31b8662 (webtiles) character file.

Game seed: 17482464513347079377

63 Gargoyl the Skirmisher (level 3, -1/31 HPs)
             Began as a Centaur Abyssal Knight on June 8, 2020.
             Was a Follower of Lugonu.
             Slain by a goblin
             ... wielding a +0 club
              (3 damage)
             ... on level 2 of the Dungeon.
             The game lasted 00:02:03 (1320 turns).

Gargoyl the Skirmisher (Centaur Abyssal Knight)     Turns: 1320, Time: 00:02:04

Health: -1/31      AC:  5    Str: 14    XL:     3   Next: 87%
Magic:  4/4        EV:  9    Int: 11    God:    Lugonu [*.....]
Gold:   104        SH:  5    Dex:  9    Spells: 2/2 levels left

rFire    . . .     SeeInvis .   a - +2 hand axe
rCold    . . .     Gourm    .   (no shield)
rNeg     . . .     Faith    .   b - +1 leather armour
rPois    .         Spirit   .   (no helmet)
rElec    .         Reflect  +   (no cloak)
rCorr    .         Harm     .   (no gloves)
MR       .....                  (no barding)
Stlth    ..........             d - amulet of reflection
HPRegen  0.10/turn              (no ring)
MPRegen  0.09/turn              (no ring)

@: lethally poisoned (-1 -> -4), stab, very quick
A: large, hooves 3, deformed body, speed 2, tough skin 3
a: Depart the Abyss, Renounce Religion


You were on level 2 of the Dungeon.
You worshipped Lugonu.
Lugonu was aware of your devotion.
You were not hungry.

You visited 1 branch of the dungeon, and saw 2 of its levels.
You visited the Abyss 1 time.

You collected 104 gold pieces.

Inventory:

Hand Weapons
 a - a +2 hand axe (weapon)
Armour
 b - a +1 leather armour (worn)
Jewellery
 d - an amulet of reflection (around neck)
Comestibles
 c - 2 rations
 f - 2 chunks of flesh


   Skills:
 + Level 3.5 Fighting
 + Level 2.2 Axes
 * Level 2.0 Armour
 * Level 1.2 Dodging
 * Level 2.6 Invocations


You had 2 spell levels left.
You didn't know any spells.
Your spell library was empty.

Dungeon Overview and Level Annotations

Branches:
Dungeon (2/15)

Altars:


Innate Abilities, Weirdness & Mutations

You have hooves in place of feet.
Armour fits poorly on your strangely shaped body.
You cover ground very quickly.
You have extremely tough skin. (AC +3)


Message History

You feel sick. The adder bites you but does no damage.
You barely miss the adder.
The adder is almost dead.
The adder bites you.
* * * LOW HITPOINT WARNING * * *
The adder bites you.
* * * LOW HITPOINT WARNING * * *
Unknown command.
You hit the adder.
You kill the adder!
Lugonu accepts your kill.
Your Armour skill increases to level 2!
Unknown command.
You barely miss the goblin.
* * * LOW HITPOINT WARNING * * *
You feel sick. The goblin barely misses you.
You hit the goblin.
The goblin is heavily wounded.
The goblin hits you with a +0 club.
You die...

##.##..).....r...#
..................
.###........######
#?.......##..
#.##.....##.# ...
#.)#.###.# # ...##
#..K.# #.# .# ...
#...#.###.#########.#
..
#.###.rg@)..........
#. #..####(##.##.###
#. #........#......#
#.
#..####.........#####
#..# #...#...รท......
...# #.#......(#####
###.# #.##....(.# ...
#.##.##.### ........#


You could see a goblin and a rat.

Vanquished Creatures
  2 adders (D:2)
  A leopard gecko (D:1)
  5 bats
  3 giant cockroaches
  4 goblins
  11 hobgoblins
  2 frilled lizards
  6 kobolds
  4 rats
38 creatures vanquished.

Notes
Turn   | Place    | Note
-------+----------+-------------------------------------------
     0 | Abyss:1  | Gargoyl the Centaur Abyssal Knight began the quest for the
                  | Orb.
     0 | Abyss:1  | Reached XP level 1. HP: 19/19 MP: 2/2
    71 | Abyss:2  | Noticed a small abomination
    91 | Abyss:4  | Found a corrupted altar of Lugonu.
   100 | Abyss:4  | Noticed a starcursed mass
   118 | Abyss:4  | Noticed a starcursed mass
   125 | Abyss:4  | Noticed a thrashing horror
   125 | Abyss:4  | Noticed a thrashing horror
   125 | Abyss:4  | Noticed a thrashing horror
   125 | D:1      | Escaped the Abyss
   493 | D:1      | Reached XP level 2. HP: 26/26 MP: 3/3
   502 | D:1      | Reached * piety under Lugonu
   677 | D:1      | Reached skill level 1 in Dodging
   798 | D:1      | Reached XP level 3. HP: 24/31 MP: 4/4
  1320 | D:2      | Slain by a goblin

Illustrated notes

Levels and vault maps discovered:
D:1:      ncdulo_smallfort, layout_basic, minmay_box_of_dots
D:2:      layout_loops_ring

Skill      XL: |  1  2  3 |
---------------+----------+-----
Axes           | 2 |  2.2
Dodging        | 1 |  1.2
Armour         | 2 |  2.0
Fighting       | |  3.5
Invocations    | |  2.6

Action                   || total
-------------------------++-------
Melee: Hand axe          ||   108
       Kick              ||    10
Invok: Depart the Abyss  ||     1
  Use: Scroll            ||     3
       Potion            ||     2
  Eat: Chunk             ||     1
Armor: Leather armour    ||    44
Dodge: Dodged            ||    54
Block: Other             ||    24

Table legend:
 A = Non-vault XP
 B = Vault XP
 C = Vault XP percentage of total XP
 D = Non-vault monster count
 E = Vault monster count
 F = Vault count percentage of total count
                 A         B        C        D         E       F
            +---------+---------+-------+---------+---------+-------
      Total |      81 |       9 |  10.0 |      33 |       5 |  13.2
            +---------+---------+-------+---------+---------+-------
        D:1 |      35 |       9 |  20.5 |      19 |       5 |  20.8
        D:2 |      46 |       0 |   0.0 |      14 |       0 |   0.0
            +---------+---------+-------+---------+---------+-------
